 Dungeon Crawl Stone Soup version 0.26-a0-21-gf97e55dc39 (webtiles) character file.

Game seed: 16635507078703873346, levelgen mode: deterministic

376 Gynju the Digger (level 6, -5/32 HPs)
             Began as a Gargoyle Earth Elementalist on May 26, 2020.
             Was an Initiate of Vehumet.
             Slain by an ogre
             ... wielding a +0 giant spiked club
              (15 damage)
             ... on level 4 of the Dungeon.
             The game lasted 00:04:42 (4048 turns).

Gynju the Digger (Gargoyle Earth Elementalist)      Turns: 4048, Time: 00:04:42

Health: -5/32      AC:  8    Str: 17    XL:     6   Next: 73%
Magic:  9/13       EV: 12    Int: 18    God:    Vehumet [......]
Gold:   129        SH:  0    Dex: 10    Spells: 8/14 levels left

rFire    + . .     SeeInvis .   n - +3 quarterstaff (chaos)
rCold    . . .     Gourm    .   (shield currently unavailable)
rNeg     + . .     Faith    .   c - +0 robe
rPois    ∞         Spirit   .   (no helmet)
rElec    +         Reflect  .   o - +1 cloak
rCorr    .         Harm     .   (no gloves)
MR       .....                  (no boots)
Stlth    ++........             (no amulet)
HPRegen  0.10/turn              i - +6 ring of strength
MPRegen  0.13/turn              m - ring of protection from fire

@: no status effects
A: negative energy resistance 1, electricity resistance, unbreathing,
petrification resistance, rot immunity, AC +4
a: Renounce Religion


You were on level 4 of the Dungeon.
You worshipped Vehumet.
Vehumet was noncommittal.
You were not hungry.

You visited 2 branches of the dungeon, and saw 5 of its levels.

You collected 129 gold pieces.

Inventory:

Hand Weapons
 n - a +3 quarterstaff of chaos (weapon)
Missiles
 b - 68 stones (quivered)
Armour
 c - a +0 robe (worn)
 o - a +1 cloak (worn)
Jewellery
 i - a +6 ring of strength (left hand)
 m - a ring of protection from fire (right hand)
Scrolls
 a - 3 scrolls of identify {unknown}
 e - a scroll of noise {unknown}
 h - 2 scrolls of fear {unknown}
 l - 3 scrolls of teleportation {unknown}
Potions
 f - a potion of lignification {unknown}
 j - a potion of might {unknown}
 k - a potion of mutation {unknown}
 p - a potion of curing {unknown}
 q - a potion of brilliance {unknown}
 r - a potion of haste {unknown}
Comestibles
 d - 6 rations


   Skills:
 - Level 1.5 Dodging
 - Level 2.1 Stealth
 + Level 4.7 Spellcasting
 - Level 0.7 Transmutations
 + Level 6.7 Earth Magic


You had 8 spell levels left.
You knew the following spells:

 Your Spells              Type           Power        Failure   Level  Hunger
a - Sandblast             Erth           ####..       1%          1    None
b - Stone Arrow           Conj/Erth      ###...       11%         3    ###....
c - Passwall              Tmut/Erth      ###.....     4%          2    #......

Your spell library contained the following spells:

 Spells                   Type           Power        Failure   Level  Hunger
 Lee's Rapid Deconstruct  Erth           ####......   24%         5    ######.
 Petrify                  Tmut/Erth      ###.....     28%         4    ####...


Dungeon Overview and Level Annotations

Branches:
Dungeon (4/15)             Temple (1/1) D:4

Altars:
Ashenzari
Cheibriados
Dithmenos
Elyvilon
Fedhas
Gozag
Hepliaklqana
Kikubaaqudgha
Makhleb
Nemelex Xobeh
Okawaru
Qazlal
Trog
Uskayaw
Vehumet
Wu Jian
Xom
Zin
The Shining One


Innate Abilities, Weirdness & Mutations

You are resistant to torment.
Your stone body is resilient. (AC +4)
You are immune to poison.
You resist negative energy. (rN+)
You are resistant to electric shocks. (rElec)
You can survive without breathing.
You are immune to petrification.
You are immune to rotting.


Message History

The worker ant barely misses you.
Casting: Sandblast (safe; 1% risk of failure)
Confirm with . or Enter, or press ? or * to list all spells.
Aiming: Sandblast (safe; 1% risk of failure)
Press: ? - help, Shift-Dir - straight line, f/p - worker ant
Aim: a worker ant (lightly wounded)
The blast of sand hits the worker ant!
You kill the worker ant!
Vehumet accepts your kill.
b - 69 stones
Casting: Sandblast (safe; 1% risk of failure)
Confirm with . or Enter, or press ? or * to list all spells.
Aiming: Sandblast (safe; 1% risk of failure)
Press: ? - help, Shift-Dir - straight line, f - ogre
Aim: an ogre, wielding a +0 giant spiked club The blast of sand hits the ogre!
The ogre is heavily wounded.
b - 68 stones The ogre hits you with a +0 giant spiked club!
You die...

# #...#
#..#......#
...
....#......#
....
#......# ...
#......+
#......# ##.
##.....#
#....#.†...#
#..........+
#.....##@..#
#.?.$. #O†.#
#..... #...#
##+#.. #...#
#. #....
#.....
#......
#.......


You could see an ogre.

Vanquished Creatures
  A crimson imp (D:3)
  Crazy Yiuf (D:2)
  2 iguanas (D:4)
  2 worker ants (D:4)
  A gnoll (D:3)
  10 adders
  An ooze (D:2)
  3 worms
  A dart slug (D:3)
  2 leopard geckos
  4 orcs
  5 giant cockroaches
  9 goblins
  6 hobgoblins
  8 jackals
  2 quokkas (D:2)
  3 ball pythons
  6 bats
  9 frilled lizards
  8 kobolds
  9 rats
93 creatures vanquished.

Vanquished Creatures (others)
  A gnoll (D:3)
  A worm (D:3)
2 creatures vanquished.

Grand Total: 95 creatures vanquished

Notes
Turn   | Place    | Note
-------+----------+-------------------------------------------
     0 | D:1      | Gynju the Gargoyle Earth Elementalist began the quest for
                  | the Orb.
     0 | D:1      | Reached XP level 1. HP: 10/10 MP: 3/3
   164 | D:1      | Reached XP level 2. HP: 11/15 MP: 5/5
   168 | D:1      | Reached skill level 4 in Earth Magic
   874 | D:1      | Reached XP level 3. HP: 13/19 MP: 2/6
  1010 | D:1      | Learned a level 3 spell: Stone Arrow
  1013 | D:1      | Learned a level 2 spell: Passwall
  1482 | D:2      | Found a runed translucent door.
  1483 | D:2      | Noticed Crazy Yiuf
  1975 | D:2      | Reached XP level 4. HP: 21/24 MP: 6/8
  2032 | D:2      | Found a burning altar of Makhleb.
  2112 | D:2      | Reached skill level 5 in Earth Magic
  2363 | D:2      | Killed Crazy Yiuf
  2496 | D:3      | Reached XP level 5. HP: 28/28 MP: 10/10
  2868 | D:3      | Found an iron altar of Okawaru.
  3020 | D:3      | Found a sparkling altar of Nemelex Xobeh.
  3159 | D:3      | Reached skill level 6 in Earth Magic
  3189 | D:3      | Reached XP level 6. HP: 22/32 MP: 12/12
  3417 | D:3      | Found a blossoming altar of Fedhas.
  3810 | D:4      | Found a staircase to the Ecumenical Temple.
  3836 | Temple   | Entered the Ecumenical Temple
  3985 | Temple   | Became a worshipper of Vehumet
  4048 | D:4      | Slain by an ogre

Illustrated notes

Levels and vault maps discovered:
D:1:      dpeg_arrival_leaves_temple_mockup, layout_basic
D:2:      layout_rooms, bloody_makhleb, uniq_crazy_yiuf_cottage
D:3:      layout_loops_ring, lemuel_round_altar, old_standard_altar,
          fedhas_altar_fruit_tree, minmay_pentangle
D:4:      layout_gridville, minmay_temple_entry_wispy, first_ration,
          minmay_manual_monolith
Temple:   regret_index_temple_waves

Skill      XL: |  1  2  3  4  5 |
---------------+----------------+-----
Earth Magic    | 4 5 6 |  6.7
Spellcasting   | 3 4 |  4.7
Dodging        | |  1.5
Stealth        | |  2.1
Transmutations | |  0.7

Action                   |  1- 3 |  4- 6 || total
-------------------------+-------+-------++-------
Melee: Dagger            |    70 |       ||    70
       Short sword       |    57 |    20 ||    77
       Quarterstaff      |       |   111 ||   111
 Cast: Sandblast         |    24 |    12 ||    36
 Stab: Sleeping          |     4 |     7 ||    11
       Paralysed         |       |     1 ||     1
  Eat: Chunk             |     4 |     6 ||    10
Armor: Robe              |    58 |    49 ||   107
Dodge: Dodged            |   107 |   118 ||   225

Table legend:
 A = Non-vault XP
 B = Vault XP
 C = Vault XP percentage of total XP
 D = Non-vault monster count
 E = Vault monster count
 F = Vault count percentage of total count
                 A         B        C        D         E       F
            +---------+---------+-------+---------+---------+-------
      Total |     350 |     188 |  34.9 |      82 |      13 |  13.7
            +---------+---------+-------+---------+---------+-------
        D:1 |      45 |       0 |   0.0 |      28 |       0 |   0.0
        D:2 |      77 |      39 |  33.6 |      20 |       1 |   4.8
        D:3 |     111 |     114 |  50.7 |      26 |      10 |  27.8
        D:4 |     117 |      35 |  23.0 |       8 |       2 |  20.0
            +---------+---------+-------+---------+---------+-------
